 Dungeon Crawl Stone Soup version 0.29.1-15-g9cfb28693d (webtiles) character file.

Game seed: 6844088004377967694

63 Hugehornet the Chopper (level 4, 0/28 HPs)
             Began as a Gargoyle Fighter on Mar 22, 2023.
             Slain by a gnoll
             ... wielding a +0 club
              (3 damage)
             ... on level 3 of the Dungeon.
             The game lasted 00:02:33 (1520 turns).

Hugehornet the Chopper (Gargoyle Fighter)           Turns: 1520, Time: 00:02:34

Health: 0/28       AC: 13    Str: 20    XL:     4   Next: 10%
Magic:  4/4        EV:  9    Int: 10    God:
Gold:   27         SH:  4    Dex:  9    Spells: 3/3 levels left

rFire   . . .      SeeInvis .   a - +0 war axe
rCold   . . .      Faith    .   c - +0 buckler
rNeg    + . .      Spirit   .   b - +0 scale mail
rPois   ∞          Reflect  .   (no helmet)
rElec   +          Harm     .   (no cloak)
rCorr   .          Rampage  .   (no gloves)
Will    .....                   i - +2 pair of boots
Stlth   ..........              (no amulet)
HPRegen 0.09/turn               (no ring)
MPRegen 0.09/turn               (no ring)

@: no status effects
A: sickness immunity, AC +3, negative energy resistance 1, electricity
resistance, torment resistance 1, petrification resistance
a: no special abilities


You were on level 3 of the Dungeon.
You visited 1 branch of the dungeon, and saw 3 of its levels.

You collected 27 gold pieces.

Inventory:

Hand Weapons
 a - a +0 war axe (weapon)
Armour
 b - a +0 scale mail (worn)
 c - a +0 buckler (worn)
 i - a +2 pair of boots (worn)
Jewellery
 k - a ring of see invisible
Scrolls
 e - 2 scrolls of blinking {unknown}
 f - a scroll of teleportation {unknown}
 g - 3 scrolls of silence {unknown}
 h - a scroll of identify {unknown}
 j - a scroll of vulnerability {unknown}
Potions
 d - a potion of might


   Skills:
 - Level 3.2 Fighting
 + Level 3.9 Axes
 - Level 3.2 Armour
 - Level 3.2 Shields


You had 3 spell levels left.
You didn't know any spells.
Your spell library contained the following spells:

 Spells                   Type           Power      Damage    Failure   Level
 Freeze                   Ice            0%         1d3       80%         1
 Frozen Ramparts          Ice            0%         1d1       99%         3
 Hailstorm                Conj/Ice       0%         3d3       100%        4


Dungeon Overview and Level Annotations

Branches:
Dungeon (3/15)

Altars:


Innate Abilities, Weirdness & Mutations

You are immune to sickness and miasma.
Your stone body is resilient. (AC +3)
You are immune to poison.
You resist negative energy. (rN+)
You are resistant to electric shocks. (rElec)
You are resistant to unholy torment.
You are immune to petrification.


Message History

The gnoll hits you with a +0 spear!
You are too injured to fight recklessly!
You are too injured to fight recklessly!
You slash the gnoll!
You kill the gnoll!
You hit the gnoll but do no damage. You block the gnoll's attack.
You closely miss the gnoll.
The gnoll is severely wounded.
A gnoll comes into view. It is wielding a +0 club.
The gnoll barely misses you.
You closely miss the gnoll.
The gnoll is severely wounded.
The gnoll shouts!
You block the gnoll's attack. The gnoll hits you with a +0 flail.
* * * LOW HITPOINT WARNING * * *
You slash the gnoll!
You kill the gnoll!
You have reached level 4!
You feel stronger.
You slash the gnoll!
The gnoll is heavily wounded.
The gnoll completely misses you.
You barely miss the gnoll.
The gnoll is heavily wounded.
You block the gnoll's attack.
You barely miss the gnoll.
The gnoll is heavily wounded.
The gnoll hits you with a +0 club.
* * * LOW HITPOINT WARNING * * *
The gnoll closely misses you.
You barely miss the gnoll.
The gnoll is heavily wounded.
You block the gnoll's attack.
You hit the gnoll but do no damage.
The gnoll is heavily wounded.
The gnoll hits you but does no damage. You block the gnoll's attack.
You hit the gnoll but do no damage.
The gnoll is heavily wounded.
The gnoll hits you with a +0 club.
You die...

##...####.........#
#####.###
#.......##
#.......# ##.....##
#.###.#.# ##.<)## #
#..#.# ##+##
#.##.##.# #.......#
####.#### #@#####
#)g...# #
#####.##.##...
#.....g.g.
####.##... #


You could see a gnoll.

Vanquished Creatures
  2 gnolls (D:3)
  An adder (D:2)
  A dart slug (D:1)
  5 ball pythons
  3 bats (D:1)
  An endoplasm (D:2)
  2 giant cockroaches (D:2)
  A hobgoblin (D:1)
  4 jackals (D:1)
  6 kobolds
  A quokka (D:1)
  A frilled lizard (D:2)
  2 goblins (D:2)
  3 rats
33 creatures vanquished.

Notes
Turn   | Place    | Note
-------+----------+-------------------------------------------
     0 | D:1      | Hugehornet the Gargoyle Fighter began the quest for the
                  | Orb.
     0 | D:1      | Reached XP level 1. HP: 14/14 MP: 1/1
   279 | D:1      | Reached XP level 2. HP: 19/19 MP: 2/2
   489 | D:1      | Found a faded altar of an unknown god.
   948 | D:2      | Reached XP level 3. HP: 23/23 MP: 3/3
  1515 | D:3      | Reached XP level 4. HP: 6/28 MP: 4/4
  1520 | D:3      | Slain by a gnoll

Illustrated notes

Levels and vault maps discovered:
D:1:      psy_arrival_spokes, layout_loops_corners,
          shapermc_ecumenical_altar_mp_highgroup
D:2:      layout_rooms, chequers_mini_garden
D:3:      layout_loops_corners, serial_bayou_pond_a, uniq_robin, uniq_natasha

Skill      XL: |  1  2 |
---------------+-------+-----
Axes           | 2 3 |  3.9
Fighting       | |  3.2
Armour         | |  3.2
Shields        | |  3.2

Action                   |  1- 3 |  4- 6 || total
-------------------------+-------+-------++-------
Melee: War axe           |    90 |     6 ||    96
Armor: Scale mail        |    58 |     1 ||    59
Dodge: Dodged            |    45 |     2 ||    47
Block: Buckler           |    21 |     3 ||    24
